[Event "Team 45 45 League T70"]
[Site "Internet Chess Club"]
[Date "2016.09.24"]
[Round "3"]
[White "fishhead"]
[Black "evan7284"]
[Result "1-0"]
[WhiteElo "1777"]
[BlackElo "1753"]
[Opening "Petrov: Cochrane gambit"]
[ECO "C42"]
[Time "11:00:59"]
[TimeControl "2700+45"]

1. e4 e5 2. Nf3 Nf6 3. Nxe5 d6 4. Nxf7 Kxf7 5. Bc4+ Be6 6. Bxe6+ Kxe6 7. O-O Kf7
8. f4 Kg8 9. Nc3 Nc6 10. d4 Be7 11. d5 Nb8 12. e5 Nfd7 13. e6 Nf6 14. g4 c6 15.
Be3 cxd5 16. g5 Ne8 17. Nxd5 Nc7 18. Nxc7 Qxc7 19. f5 Qd8 20. Qg4 Nc6 21. f6 Ne5
22. Qg3 g6 23. Bd4 Qc7 24. fxe7 Qxe7 25. Bxe5 dxe5 26. Qxe5 Rc8 27. Rf7 Qc5+ 28.
Qxc5 Rxc5 29. Rd1 Rc8 30. Rxb7 {Black resigns} 1-0

[Event "Team 45 45 League T70"]
[Site "Internet Chess Club"]
[Date "2016.09.24"]
[Round "3"]
[White "dabodhi"]
[Black "bradleyguo175"]
[Result "0-1"]
[WhiteElo "1343"]
[BlackElo "1583"]
[Opening "Sicilian: dragon, Yugoslav attack, 10.O-O-O"]
[ECO "B78"]
[Time "14:00:16"]
[TimeControl "2700+45"]

1. e4 c5 2. Nf3 d6 3. d4 cxd4 4. Nxd4 Nf6 5. Nc3 g6 6. Be3 Bg7 7. f3 O-O 8. Qd2
Nc6 9. Bc4 Bd7 10. O-O-O Rc8 11. Bb3 Ne5 12. Kb1 Nc4 13. Bxc4 Rxc4 14. g4 b5 15.
b3 Rc8 16. Ndxb5 Qa5 17. a4 a6 18. Nd5 Qxd2 19. Nxe7+ Kh8 20. Rxd2 Rce8 21.
Nxg6+ fxg6 22. Nxd6 Rb8 23. h4 Bxa4 24. Ka2 Be8 25. Bc5 Nd7 26. Be3 Rxf3 27.
Nxe8 Rxe8 28. Bd4 Bxd4 29. Rxd4 Nf6 30. Re1 Nxg4 31. Rd5 Re3 32. Red1 R3xe4 33.
Rd7 R4e7 34. R7d6 Ne3 35. R1d2 Nf5 36. Rxa6 Nxh4 37. Ra5 Nf3 38. Rf2 Nd4 39. Kb2
Rc8 40. Ra6 Rec7 41. Rh2 Rxc2+ 42. Rxc2 Rxc2+ 43. Ka3 Rc3 {White resigns} 0-1

[Event "Team 45 45 League T70"]
[Site "Internet Chess Club"]
[Date "2016.09.23"]
[Round "3"]
[White "zorori"]
[Black "Toalla"]
[Result "1-0"]
[WhiteElo "1632"]
[BlackElo "1250"]
[Opening "Sicilian: Katalimov variation"]
[ECO "B27"]
[Time "18:43:34"]
[TimeControl "2700+45"]

1. e4 c5 2. Nf3 b6 3. d4 cxd4 4. Nxd4 Bb7 5. Nc3 e5 6. Nf3 Nc6 7. Be3 Nf6 8. Bc4
h6 9. h3 Na5 10. Bd5 Nxd5 11. Nxd5 Nc4 12. Qd3 Nxe3 13. Qxe3 Bc5 14. Qc3 d6 15.
b4 Bd4 16. Nxd4 Rc8 17. Qd3 exd4 18. Qxd4 Qg5 19. Ne3 Qf6 20. Qxf6 gxf6 21. c4
Bxe4 22. f3 Bd3 23. Rc1 a5 24. Kd2 Bg6 25. bxa5 bxa5 26. Nd5 f5 27. Rhe1+ Kf8
28. Kc3 Re8 29. Red1 Re2 30. Rc2 Rxc2+ 31. Kxc2 Kg7 32. Kb3 Re8 33. Rd2 Re1 34.
Ka4 f6 35. Kxa5 Bf7 36. a4 Ra1 37. Nb6 Rc1 38. Kb5 Rb1+ 39. Ka5 Rc1 40. Rd4 Rg1
41. Rxd6 Rxg2 42. c5 Rg3 43. c6 Rxf3 44. c7 {Black resigns} 1-0

[Event "Team 45 45 League T70"]
[Site "Internet Chess Club"]
[Date "2016.09.22"]
[Round "3"]
[White "kllrchris"]
[Black "Bryant-L"]
[Result "1/2-1/2"]
[WhiteElo "1715"]
[BlackElo "1741"]
[Opening "French: Tarrasch, open variation, main line"]
[ECO "C09"]
[Time "18:17:22"]
[TimeControl "2700+45"]

1. e4 e6 2. d4 d5 3. Nd2 c5 4. Ngf3 Nc6 5. exd5 exd5 6. Bb5 Nf6 7. O-O Be6 8.
dxc5 Bxc5 9. Nb3 Bd6 10. Nbd4 Bd7 11. Re1+ Be7 12. Bg5 O-O 13. Bd3 Bg4 14. Nf5
Bxf5 15. Bxf5 h6 16. Bh4 Re8 17. c3 Qb6 18. b3 Ne4 19. Bxe4 Bxh4 20. Bh7+ Kxh7
21. Nxh4 Qc5 22. Qf3 Kg8 23. Qg3 d4 24. cxd4 Nxd4 25. Qd3 {Game drawn by mutual
agreement} 1/2-1/2

[Event "Team 45 45 League T70"]
[Site "Internet Chess Club"]
[Date "2016.09.22"]
[Round "3"]
[White "timothysmall56"]
[Black "SimplyAbed"]
[Result "1/2-1/2"]
[WhiteElo "1737"]
[BlackElo "1904"]
[Opening "Sicilian: Kan, 5.Nc3"]
[ECO "B43"]
[Time "21:27:53"]
[TimeControl "2700+45"]

1. e4 c5 2. Nf3 e6 3. d4 cxd4 4. Nxd4 a6 5. Nc3 Qc7 6. Bd3 Nf6 7. O-O Be7 8. Re1
d6 9. Be3 O-O 10. h3 b6 11. Qd2 Bb7 12. Rad1 Nbd7 13. Bg5 Nc5 14. f3 Nxd3 15.
cxd3 Qc5 16. Be3 Qh5 17. Nde2 e5 18. Bxb6 Qg6 19. f4 exf4 20. Nxf4 Qg3 21. Bf2
Qg5 22. Nfd5 Nxd5 23. Qxg5 Bxg5 24. exd5 Bf6 25. Ne4 Be5 26. d4 Bf4 27. g3 Bh6
28. Nxd6 Bxd5 29. b3 g6 30. Nc4 Bg7 31. Nb6 Rad8 32. Nxd5 Rxd5 33. Re7 Rc8 34.
Rde1 Bxd4 35. Bxd4 Rxd4 36. Re8+ Rxe8 37. Rxe8+ Kg7 38. Kf2 Rd2+ 39. Re2 Rd3 40.
Rb2 f5 41. Kg2 Kf6 42. a4 Ke5 43. b4 Kd4 44. b5 Kc3 45. Rf2 axb5 46. axb5 Rd5
47. b6 Rb5 48. g4 fxg4 49. hxg4 Rxb6 50. Rf7 h5 51. gxh5 gxh5 52. Rh7 Rb5 53.
Kh3 Re5 54. Kh4 Re4+ 55. Kxh5 {Game drawn by mutual agreement} 1/2-1/2

[Event "Team 45 45 League T70"]
[Site "Internet Chess Club"]
[Date "2016.09.25"]
[Round "3"]
[White "Scorpius"]
[Black "MartyJR"]
[Result "1-0"]
[WhiteElo "1319"]
[BlackElo "1419"]
[Opening "QGD Slav: exchange variation, 6.Bf4 Bf5"]
[ECO "D14"]
[Time "11:30:16"]
[TimeControl "2700+45"]

1. d4 d5 2. c4 c6 3. cxd5 cxd5 4. Nf3 Nc6 5. Bf4 Nf6 6. Nc3 Bf5 7. e3 h6 8. Bd3
Bxd3 9. Qxd3 e6 10. a3 Be7 11. O-O Nh5 12. Bg3 Nxg3 13. hxg3 O-O 14. Rac1 Rc8
15. Ne2 Qb6 16. b4 a6 17. g4 Nb8 18. Ne5 Bf6 19. f4 Bxe5 20. fxe5 Rc6 21. Nf4
Rfc8 22. Rxc6 Qxc6 23. Nh3 Qc3 24. Qe2 Qxa3 25. Qf3 Rf8 26. g5 Qxb4 27. gxh6 g6
28. Qf6 {Black resigns} 1-0

[Event "Team 45 45 League T70"]
[Site "Internet Chess Club"]
[Date "2016.09.26"]
[Round "3"]
[White "GideonL"]
[Black "Mitochondria"]
[Result "1/2-1/2"]
[WhiteElo "1641"]
[BlackElo "1594"]
[Opening "Sicilian: Najdorf, Opocensky variation"]
[ECO "B92"]
[Time "19:21:50"]
[TimeControl "2700+45"]

1. e4 c5 2. Nf3 d6 3. d4 cxd4 4. Nxd4 Nf6 5. Nc3 a6 6. Be2 e5 7. Nf3 Be7 8. O-O
O-O 9. Be3 b5 10. Bd3 Bb7 11. Nd2 Nbd7 12. f3 Rc8 13. Ne2 d5 14. exd5 Nxd5 15.
Bf2 Bg5 16. Be4 Nc5 17. Bxd5 Qxd5 18. Nb3 Nxb3 19. cxb3 Rfd8 20. Nc3 Qd2 21. Rb1
Be7 22. Qxd2 Rxd2 23. Be3 Bc5 24. Bxc5 Rxc5 25. Rbd1 Rxd1 26. Rxd1 Rc8 27. Rd7
Rb8 28. Nd5 Bxd5 29. Rxd5 f6 30. Kf2 Rc8 31. Rd2 Kf7 32. Ke3 Ke6 33. h3 Ke7 34.
b4 h5 35. g4 hxg4 36. hxg4 Rc1 37. Ke4 Rc4+ 38. Kd5 Rxb4 39. Kc5 Rc4+ 40. Kb6
Rd4 41. Rf2 Rf4 42. Kxa6 b4 43. Kb5 g6 44. a4 bxa3 45. bxa3 Kd6 46. a4 Kc7 47.
a5 Kb7 48. a6+ Ka7 49. Kc5 Ra4 50. Kd5 Rxa6 51. Ke4 Kb7 52. f4 Ra4+ 53. Ke3 e4
54. Rc2 f5 55. gxf5 gxf5 56. Rc5 Ra3+ 57. Ke2 Ra2+ 58. Ke3 Ra3+ 59. Ke2 Ra2+ 60.
Ke3 Ra3+ {Game drawn by repetition} 1/2-1/2

[Event "Team 45 45 League T70"]
[Site "Internet Chess Club"]
[Date "2016.09.25"]
[Round "3"]
[White "Skeptic1972"]
[Black "Portola"]
[Result "1/2-1/2"]
[WhiteElo "1529"]
[BlackElo "1746"]
[Opening "French: Rubinstein variation"]
[ECO "C10"]
[Time "08:59:24"]
[TimeControl "2700+45"]

1. e4 e6 2. d4 d5 3. Nc3 dxe4 4. Nxe4 Be7 5. Nf3 Nd7 6. Be2 Ngf6 7. Nxf6+ Bxf6
8. Be3 O-O 9. O-O b6 10. c3 c5 11. dxc5 Nxc5 12. Qxd8 Rxd8 13. Bxc5 bxc5 14.
Rfe1 Bb7 15. Rad1 Bd5 16. c4 Bb7 17. b3 Bc3 18. Rxd8+ Rxd8 19. Rd1 Rxd1+ 20.
Bxd1 {Game drawn by mutual agreement} 1/2-1/2

[Event "Team 45 45 League T70"]
[Site "Internet Chess Club"]
[Date "2016.09.24"]
[Round "3"]
[White "Gojira"]
[Black "idjit"]
[Result "1-0"]
[WhiteElo "1631"]
[BlackElo "1525"]
[Opening "Queen's pawn: London system"]
[ECO "A45"]
[Time "09:31:27"]
[TimeControl "2700+45"]

1. d4 Nf6 2. Bf4 e6 3. e3 b6 4. Nf3 Bb7 5. h3 d6 6. Bd3 Nbd7 7. O-O Bxf3 8. Qxf3
e5 9. dxe5 dxe5 10. Bh2 Bd6 11. Nd2 Nc5 12. Bb5+ Ncd7 13. Nc4 O-O 14. Nxd6 cxd6
15. Rad1 Qc7 16. Qc6 Qxc6 17. Bxc6 Rac8 18. Bxd7 Nxd7 19. Rxd6 Nf6 20. Bxe5 Rxc2
21. Rfd1 Ne4 22. R6d4 f5 23. f3 Re8 24. Rd8 {Black resigns} 1-0

[Event "Team 45 45 League T70"]
[Site "Internet Chess Club"]
[Date "2016.09.24"]
[Round "3"]
[White "drsigmund1"]
[Black "nidusin2"]
[Result "1-0"]
[WhiteElo "1502"]
[BlackElo "1575"]
[Opening "Queen's pawn: London system"]
[ECO "A45"]
[Time "21:00:43"]
[TimeControl "2700+45"]

1. d4 Nf6 2. Bf4 e6 3. e3 d5 4. Nf3 Nbd7 5. Bd3 Bd6 6. Ne5 O-O 7. Nd2 b6 8. Qf3
Bb7 9. Qh3 c5 10. Nxf7 Rxf7 11. Bxd6 c4 12. Be2 b5 13. Qxe6 Bc8 14. Bg3 Qa5 15.
c3 b4 16. Nxc4 dxc4 17. Bxc4 Qh5 18. Be2 Qa5 19. Bc4 Qh5 20. Qc6 Rb8 21. Bxb8
{Black resigns} 1-0

[Event "Team 45 45 League T70"]
[Site "Internet Chess Club"]
[Date "2016.09.24"]
[Round "3"]
[White "Percival"]
[Black "KBuccleuch"]
[Result "0-1"]
[WhiteElo "1939"]
[BlackElo "2102"]
[Opening "Dutch: Leningrad variation"]
[ECO "A87"]
[Time "07:00:22"]
[TimeControl "2700+45"]

1. d4 f5 2. c4 Nf6 3. g3 g6 4. Bg2 Bg7 5. Nc3 O-O 6. Nf3 d6 7. O-O Na6 8. Rb1 c6
9. b4 Nc7 10. a4 a5 11. b5 Bd7 12. Qd3 Ne6 13. Re1 Rc8 14. Bd2 c5 15. d5 Nd4 16.
Ng5 h6 17. Nh3 b6 18. e3 e5 19. exd4 cxd4 20. Nd1 e4 21. Qa3 g5 22. Rc1 Qc7 23.
Kh1 Be8 24. Ng1 Ng4 25. Ne2 d3 26. Nec3 Ne5 27. Nb2 Bh5 28. Ncd1 Nf3 29. Bxf3
Bxf3+ 30. Kg1 f4 31. Nxd3 Qd7 32. Rf1 Qh3 33. Ne1 Be2 34. Ng2 Bxf1 35. Kxf1 f3
36. Ne3 Qxh2 {White resigns} 0-1

[Event "Team 45 45 League T70"]
[Site "Internet Chess Club"]
[Date "2016.09.26"]
[Round "3"]
[White "fledermaus"]
[Black "jorobo"]
[Result "1/2-1/2"]
[WhiteElo "1871"]
[BlackElo "1981"]
[Opening "QGD: Semi-Tarrasch"]
[ECO "D50"]
[Time "15:02:30"]
[TimeControl "2700+45"]

1. d4 e6 2. c4 Nf6 3. Nc3 d5 4. Bg5 c5 5. cxd5 cxd4 6. Qa4+ Qd7 7. Qxd4 Nc6 8.
Qd1 Nxd5 9. Nxd5 Qxd5 10. Qxd5 exd5 11. Nf3 Bb4+ 12. Bd2 Bc5 13. Rc1 Bb6 14. e3
d4 15. Nxd4 Nxd4 16. exd4 Bxd4 17. Bb5+ Bd7 18. Bxd7+ Kxd7 19. Bf4 Rhe8+ 20. Kd2
Rac8 21. Be3 Bxb2 22. Rxc8 Rxc8 23. Bxa7 Bc3+ 24. Kd3 Bf6 25. Rb1 Rc3+ 26. Kd2
Kc6 27. Rb6+ Kd5 28. Rxf6 Ra3 29. Rxf7 Rxa7 30. a4 Rxa4 31. Rxb7 Rg4 32. g3 Ke6
33. f4 h5 34. Ke3 g5 35. Rb6+ Kf7 36. Ke4 gxf4 37. gxf4 Rh4 38. Kf5 Rxh2 39.
Rb7+ Kg8 40. Kg6 Rg2+ 41. Kxh5 Ra2 42. Kg6 Ra6+ 43. Kg5 Kf8 44. f5 Rc6 45. Ra7
Rb6 {Game drawn by mutual agreement} 1/2-1/2

[Event "Team 45 45 League T70"]
[Site "Internet Chess Club"]
[Date "2016.09.25"]
[Round "3"]
[White "PolishRyszard"]
[Black "LinceHispano44"]
[Result "1-0"]
[WhiteElo "1801"]
[BlackElo "1618"]
[Opening "Richter-Veresov attack"]
[ECO "D01"]
[Time "14:00:34"]
[TimeControl "2700+45"]

1. d4 d5 2. Nc3 Nf6 3. Bg5 Nbd7 4. f3 c5 5. e4 dxe4 6. d5 exf3 7. Nxf3 Nb6 8.
Qd2 Nbxd5 9. O-O-O e6 10. Bb5+ Bd7 11. Nxd5 Bxb5 12. Nxf6+ gxf6 13. Qxd8+ Rxd8
14. Rxd8+ Ke7 15. Rxf8 Rxf8 16. Be3 b6 17. Re1 Rg8 18. g3 Bc6 19. Rf1 Rg4 20. b3
a5 21. a4 Bd5 22. Nd2 Bg2 23. Rf4 Rxf4 24. gxf4 Kd7 25. Nc4 Kc6 26. Kd2 Bf3 27.
Bf2 Bd5 28. Kc3 b5 29. axb5+ Kxb5 30. Na3+ Kc6 31. Bh4 e5 32. f5 e4 33. Kd2 a4
34. bxa4 Kb6 35. Kc3 Ka5 36. Nc4+ Ka6 37. Bxf6 Bc6 38. Be7 Bxa4 39. f6 Bc6 40.
Bxc5 Bd7 41. Kd4 e3 42. Nxe3 {Black resigns} 1-0

[Event "Team 45 45 League T70"]
[Site "Internet Chess Club"]
[Date "2016.09.26"]
[Round "3"]
[White "bss2005"]
[Black "TheRailgun"]
[Result "0-1"]
[WhiteElo "1905"]
[BlackElo "1828"]
[Opening "Sicilian: Najdorf, Byrne (English) attack"]
[ECO "B90"]
[Time "19:00:21"]
[TimeControl "2700+45"]

1. e4 c5 2. Nf3 d6 3. d4 cxd4 4. Nxd4 Nf6 5. Nc3 a6 6. Be3 e5 7. Nb3 Be6 8. f4
exf4 9. Bxf4 Nc6 10. Qe2 Be7 11. h3 O-O 12. O-O-O Qc7 13. g4 Nd7 14. h4 Rfe8 15.
g5 Nde5 16. Nd5 Qd8 17. Bh3 Rc8 18. Bxe5 Nxe5 19. Nd4 Bxd5 20. exd5 Rc5 21. Nb3
Rc4 22. Qf2 Ng6 23. Rdf1 Rf4 24. Qg3 Rxf1+ 25. Rxf1 Nxh4 26. Rg1 Ng6 27. Bf5 a5
28. Bxg6 hxg6 29. Kb1 a4 30. Nc1 Qb6 31. Rh1 a3 32. Nb3 Qb4 33. Qh3 f5 34. Qh7+
Kf7 35. Rh6 Qe1+ 36. Nc1 Qxc1+ 37. Kxc1 Bxg5+ 38. Kd1 Bxh6 {White resigns} 0-1

[Event "Team 45 45 League T70"]
[Site "Internet Chess Club"]
[Date "2016.09.23"]
[Round "3"]
[White "komodeo"]
[Black "nurmi"]
[Result "1-0"]
[WhiteElo "1913"]
[BlackElo "2058"]
[Opening "Sicilian: Alapin's variation (2.c3)"]
[ECO "B22"]
[Time "19:35:10"]
[TimeControl "2700+45"]

1. e4 c5 2. c3 g6 3. d4 cxd4 4. cxd4 d5 5. e5 f6 6. Nf3 Bg4 7. Qb3 Qd7 8. Bb5
Nc6 9. O-O Bg7 10. Re1 Bxf3 11. e6 Qd6 12. Qxf3 a6 13. Bf4 Qb4 14. Nc3 axb5 15.
Nxd5 Qa5 16. Nc7+ Kf8 17. Nxa8 Qxa8 18. d5 Na5 19. d6 exd6 20. Bxd6+ Ne7 21.
Bxe7+ Kxe7 22. Rad1 Re8 23. Qa3+ {Black resigns} 1-0

[Event "Team 45 45 League T70"]
[Site "Internet Chess Club"]
[Date "2016.09.22"]
[Round "3"]
[White "Knight8700"]
[Black "charles-allen"]
[Result "1-0"]
[WhiteElo "1976"]
[BlackElo "1854"]
[Opening "QGD: Tarrasch defense"]
[ECO "D32"]
[Time "19:00:51"]
[TimeControl "2700+45"]

1. d4 d5 2. c4 e6 3. Nc3 c5 4. cxd5 exd5 5. Nf3 Nc6 6. e3 Nf6 7. Be2 cxd4 8.
Nxd4 Bd6 9. O-O O-O 10. Bf3 Be5 11. Nce2 Bg4 12. h3 Nxd4 13. Nxd4 Bxd4 14. Bxg4
Bb6 15. Bf3 Ne4 16. Qd3 Re8 17. Rd1 Qf6 18. Rb1 Rad8 19. b3 Qh4 20. Bxe4 dxe4
21. Qe2 Rxd1+ 22. Qxd1 Rd8 23. Qe2 Rd3 24. Bb2 Qd8 25. Qg4 g6 26. Qxe4 Bc7 27.
Bd4 Rd2 28. Rc1 Bb6 29. Qxb7 Bxd4 30. Rc8 Rd1+ 31. Kh2 Be5+ 32. f4 Bg7 33. Rxd8+
Rxd8 34. Qxa7 {Black resigns} 1-0

[Event "Team 45 45 League T70"]
[Site "Internet Chess Club"]
[Date "2016.09.21"]
[Round "3"]
[White "cool64chess"]
[Black "yyoo"]
[Result "0-1"]
[WhiteElo "1957"]
[BlackElo "1829"]
[Opening "Grünfeld: exchange, classical variation"]
[ECO "D87"]
[Time "15:00:19"]
[TimeControl "2700+45"]

1. d4 Nf6 2. c4 g6 3. Nc3 d5 4. cxd5 Nxd5 5. e4 Nxc3 6. bxc3 Bg7 7. Bc4 c5 8.
Ne2 Nc6 9. Be3 O-O 10. O-O Qc7 11. Rc1 Rd8 12. Bf4 Be5 13. Bg3 Bxg3 14. fxg3 e6
15. Kh1 Qd6 16. Qb3 Na5 17. Qb5 Nxc4 18. Qxc4 b6 19. Rfd1 Bb7 20. e5 Qc6 21. Rg1
Rac8 22. a3 Qe4 23. Qb5 cxd4 24. cxd4 Rxc1 25. Nxc1 Rxd4 26. Ne2 Rd5 27. Qe8+
Kg7 28. Nc3 Qxe5 29. Nxd5 Bxd5 30. Qe7 Qe2 31. h3 e5 32. Qxa7 Qb2 33. Qd7 Qd2
34. Kh2 e4 35. Qd6 e3 36. Qxb6 e2 37. Qb4 e1=Q {White resigns} 0-1

[Event "Team 45 45 League T70"]
[Site "Internet Chess Club"]
[Date "2016.09.26"]
[Round "3"]
[White "zydus"]
[Black "laurenpar"]
[Result "0-1"]
[WhiteElo "1721"]
[BlackElo "1848"]
[Opening "Benkö gambit accepted"]
[ECO "A58"]
[Time "22:30:22"]
[TimeControl "2700+45"]

1. d4 Nf6 2. c4 c5 3. d5 b5 4. cxb5 a6 5. bxa6 g6 6. Nc3 Bxa6 7. e4 Qa5 8. Bxa6
Nxa6 9. Bd2 d6 10. Nf3 Bg7 11. O-O O-O 12. a4 Qb6 13. Nb5 Nxe4 14. Re1 Nxd2 15.
Nxd2 Qb7 16. Nc4 Nb4 17. Re2 Bf6 18. Rb1 Nxd5 19. b3 Nf4 {White resigns} 0-1

[Event "Team 45 45 League T70"]
[Site "Internet Chess Club"]
[Date "2016.09.24"]
[Round "3"]
[White "volodia80"]
[Black "raiserplay27"]
[Result "1-0"]
[WhiteElo "1684"]
[BlackElo "1605"]
[Opening "Giuoco Pianissimo"]
[ECO "C55"]
[Time "16:10:43"]
[TimeControl "2700+45"]

1. e4 e5 2. Nf3 Nc6 3. Bc4 Nf6 4. d3 Bc5 5. c3 O-O 6. Bb3 d6 7. Nbd2 Bg4 8. O-O
Qd7 9. Re1 Nh5 10. Nf1 Kh8 11. h3 Bxh3 12. gxh3 Qxh3 13. d4 Qg4+ 14. Kh1 exd4
15. N1h2 Qh3 16. cxd4 Bb4 17. Rg1 f6 18. Rg4 g5 19. Ng1 Ng3+ 20. Rxg3 Qd7 21.
Be3 Rae8 22. Qg4 Qg7 23. Be6 Qe7 24. Bf5 Kg7 25. Rh3 h6 26. Qh5 Rh8 27. Qg6+ Kf8
28. Rxh6 Rxh6 29. Qxh6+ {Black resigns} 1-0

[Event "Team 45 45 League T70"]
[Site "Internet Chess Club"]
[Date "2016.09.27"]
[Round "3"]
[White "Rekakoma"]
[Black "Gilguli"]
[Result "0-1"]
[WhiteElo "1483"]
[BlackElo "1445"]
[Opening "Giuoco Piano: four knights variation"]
[ECO "C46"]
[Time "14:36:20"]
[TimeControl "2700+45"]

1. e4 e5 2. Nf3 Nc6 3. Nc3 Bc5 4. Bc4 Nf6 5. O-O d6 6. d3 Bg4 7. Bd5 Nxd5 8.
exd5 Nd4 9. Be3 Nxf3+ 10. gxf3 Bh3 11. f4 Qf6 12. Qf3 Qg6+ 13. Qg3 Qxg3+ 14.
hxg3 Bxf1 15. Kxf1 Bxe3 16. fxe3 exf4 17. exf4 O-O-O 18. a4 Rde8 19. Nb5 a6 20.
Nd4 h5 21. Kf2 h4 22. gxh4 Rxh4 23. Kf3 g5 24. Ne2 Rh2 25. Re1 g4+ 26. Kxg4
Rexe2 27. Rg1 Rhg2+ 28. Rxg2 Rxg2+ 29. Kf5 Rxc2 30. Kf6 Rxb2 31. f5 Rf2 32. d4
Rf4 33. Kg5 Rxd4 34. f6 Rxd5+ 35. Kh6 Rf5 36. Kg7 b5 37. axb5 axb5 38. Kxf7 b4
39. Ke8 b3 40. f7 Rxf7 41. Kxf7 b2 42. Ke8 b1=Q 43. Kf8 Qf5+ 44. Ke8 Qe6+ 45.
Kf8 Kd7 46. Kg7 Ke7 47. Kh8 Kf7 48. Kh7 Qg6+ 49. Kh8 Qg7# {White checkmated} 0-1

[Event "Team 45 45 League T70"]
[Site "Internet Chess Club"]
[Date "2016.09.25"]
[Round "3"]
[White "MikeTtheGuru"]
[Black "NashGames"]
[Result "1/2-1/2"]
[WhiteElo "1996"]
[BlackElo "2131"]
[Opening "English: Mikenas-Carls, Kevitz variation"]
[ECO "A18"]
[Time "21:04:03"]
[TimeControl "2700+45"]

1. c4 Nf6 2. Nc3 e6 3. e4 Nc6 4. Nf3 d5 5. e5 Ne4 6. d4 Bb4 7. Qc2 Ba5 8. Be3
Nb4 9. Qa4+ Qd7 10. Qxa5 Nc2+ 11. Kd1 b6 12. Qb5 Nxc3+ 13. bxc3 Qxb5 14. cxb5
Nxa1 15. Kc1 a6 16. Kb2 Nc2 17. Kxc2 axb5 18. Bxb5+ Bd7 19. Bxd7+ Kxd7 20. Kb3
h6 21. a4 Ra5 22. Ra1 Rha8 23. Bc1 Rb5+ 24. Kc2 Rba5 25. Kb3 Rb5+ 26. Kc2 Rba5
27. Kb3 Rb5+ {Game drawn by repetition} 1/2-1/2

[Event "Team 45 45 League T70"]
[Site "Internet Chess Club"]
[Date "2016.09.25"]
[Round "3"]
[White "LiangLiang"]
[Black "jjimalo"]
[Result "1/2-1/2"]
[WhiteElo "1932"]
[BlackElo "1805"]
[Opening "Sicilian defense"]
[ECO "B32"]
[Time "12:00:20"]
[TimeControl "2700+45"]

1. e4 c5 2. Nf3 Nc6 3. d4 cxd4 4. Nxd4 Qb6 5. Nb3 Nf6 6. Nc3 e6 7. Bd3 a6 8. O-O
Be7 9. Qf3 Ne5 10. Qg3 Nxd3 11. cxd3 O-O 12. Be3 Qd8 13. Na4 d6 14. Nb6 Rb8 15.
a4 e5 16. h3 Be6 17. Nd2 Nd7 18. a5 f5 19. f4 Nxb6 20. Bxb6 Qd7 21. fxe5 dxe5
22. exf5 Bxf5 23. Nc4 Qxd3 24. Qxd3 Bxd3 25. Rxf8+ Rxf8 26. Nxe5 Bb5 27. Nf3 Bf6
28. Nd4 Bd7 29. Rc1 Rc8 30. Rxc8+ Bxc8 31. Kf2 Bxd4+ 32. Bxd4 Bd7 {Game drawn by
mutual agreement} 1/2-1/2

[Event "Team 45 45 League T70"]
[Site "Internet Chess Club"]
[Date "2016.09.25"]
[Round "3"]
[White "pishd"]
[Black "platolag"]
[Result "1-0"]
[WhiteElo "1747"]
[BlackElo "1665"]
[Opening "Queen's pawn game"]
[ECO "D04"]
[Time "07:18:58"]
[TimeControl "2700+45"]

1. d4 Nf6 2. Nf3 d5 3. e3 Bg4 4. h3 Bh5 5. g4 Bg6 6. Ne5 e6 7. h4 h6 8. Nxg6
fxg6 9. Bd3 c5 10. Bxg6+ Kd7 11. c3 Qa5 12. Nd2 c4 13. e4 Nc6 14. e5 Ne8 15. Qf3
Nc7 16. Qg3 b5 17. b4 Qb6 18. a3 Be7 19. O-O a5 20. Bb2 axb4 21. axb4 Ra4 22.
Bc2 Rxa1 23. Rxa1 Ra8 24. Rxa8 Nxa8 25. f4 Nxb4 26. cxb4 Bxb4 27. Nf3 Be7 28. f5
b4 29. fxe6+ Kd8 30. g5 h5 31. Bg6 c3 32. Qf4 cxb2 33. Qf7 b1=Q+ 34. Bxb1 Qc6
35. Qg8+ Kc7 36. Qxg7 Qc1+ 37. Kg2 Qxb1 38. Qxe7+ Kb8 39. Qd6+ Nc7 40. e7 Qa2+
41. Kg3 Qa4 42. g6 b3 43. g7 b2 44. Qb6+ Kc8 45. g8=Q+ Kd7 46. Qd6# {Black
checkmated} 1-0

[Event "Team 45 45 League T70"]
[Site "Internet Chess Club"]
[Date "2016.09.26"]
[Round "3"]
[White "watkins"]
[Black "elmaestro"]
[Result "0-1"]
[WhiteElo "1538"]
[BlackElo "1741"]
[Opening "Old Benoni defense"]
[ECO "A43"]
[Time "12:03:40"]
[TimeControl "2700+45"]

1. d4 c5 2. Bf4 Nf6 3. Nf3 g6 4. e3 d5 5. Be2 Bg7 6. c3 c4 7. Nbd2 O-O 8. Ne5
Nc6 9. Ndf3 Nxe5 10. Nxe5 Ne4 11. f3 Nd6 12. h3 Re8 13. Ng4 h5 14. Nh6+ Kh7 15.
Bxd6 exd6 16. Nxf7 Qe7 17. Nxd6 Qxd6 18. Qd2 Qg3+ 19. Kf1 Bh6 20. f4 Rxe3 21.
Bf3 Bxf4 22. Qc2 Bf5 23. Qa4 Bd3+ 24. Kg1 Rxf3 25. Qd7+ Kh6 26. Qxd5 Be3# {White
checkmated} 0-1

[Event "Team 45 45 League T70"]
[Site "Internet Chess Club"]
[Date "2016.09.24"]
[Round "3"]
[White "viktory"]
[Black "RD1974"]
[Result "1-0"]
[WhiteElo "1629"]
[BlackElo "1688"]
[Opening "Dutch defense"]
[ECO "A90"]
[Time "16:32:11"]
[TimeControl "2700+45"]

1. d4 e6 2. c4 f5 3. g3 Nf6 4. Bg2 c6 5. Nc3 d5 6. Nf3 Bd6 7. Bg5 O-O 8. c5 Bc7
9. b4 b6 10. O-O Nbd7 11. Qa4 Bb7 12. Qc2 Qe8 13. a4 Ne4 14. Nxe4 fxe4 15. Nd2
Qh5 16. Be3 Ba6 17. cxb6 Bxb6 18. Qxc6 Qf7 19. b5 Rac8 20. Qd6 Bb7 21. Bh3 Bc7
22. Qxe6 Rfd8 23. Bg5 Ba5 24. Nb3 Bb4 25. Bxd8 Rxd8 26. Rac1 Nb6 27. Qxf7+ Kxf7
28. Rc7+ Kf6 29. Rxb7 Nxa4 30. Rxa7 Nc3 31. e3 Nxb5 32. Rb7 Nxd4 33. Nxd4 Bc3
34. Rb6+ Kf7 35. Rd1 Ba5 36. Rb7+ Kg8 37. Nc6 {Black resigns} 1-0

[Event "Team 45 45 League T70"]
[Site "Internet Chess Club"]
[Date "2016.09.24"]
[Round "3"]
[White "Bible-Believer"]
[Black "mattwang"]
[Result "1-0"]
[WhiteElo "1460"]
[BlackElo "1327"]
[Opening "Queen's pawn game, Chigorin variation"]
[ECO "D02"]
[Time "19:00:18"]
[TimeControl "2700+45"]

1. d4 d5 2. Nf3 Nc6 3. e3 Bg4 4. h3 Bh5 5. c3 e5 6. g4 e4 7. gxh5 exf3 8. Qxf3
Nf6 9. Rg1 Qd7 10. h6 gxh6 11. Qxf6 {Black resigns} 1-0

[Event "Team 45 45 League T70"]
[Site "Internet Chess Club"]
[Date "2016.09.26"]
[Round "3"]
[White "KnightmanAJ"]
[Black "kingsrook"]
[Result "1-0"]
[WhiteElo "1229"]
[BlackElo "1291"]
[Opening "Sicilian: Anderssen variation"]
[ECO "B41"]
[Time "19:30:22"]
[TimeControl "2700+45"]

1. e4 c5 2. Nf3 e6 3. d4 cxd4 4. Nxd4 Nf6 5. Nc3 Nc6 6. Ndb5 Bb4 7. a3 Bxc3+ 8.
Nxc3 O-O 9. Bg5 a6 10. Qd6 Qa5 11. Bxf6 gxf6 12. Be2 Qe5 13. Qxe5 Nxe5 14. f4
Nc6 15. O-O-O b5 16. Rhg1 Ne7 17. g4 Ng6 18. f5 exf5 19. gxf5 Bb7 20. fxg6 fxg6
21. Rxd7 Bc6 22. Rc7 Rfc8 23. Rxc8+ Rxc8 24. h4 Kh8 25. Nd5 Bxd5 26. exd5 Rd8
27. c4 Rc8 28. b3 Re8 29. d6 bxc4 30. Bxc4 Rd8 31. Rd1 a5 32. d7 Kg7 33. Bb5 h6
34. Kb1 f5 35. Rc1 Kf8 36. Rc8 Ke7 37. Rxd8 Kxd8 38. Bc6 g5 39. hxg5 hxg5 40.
Kc1 f4 41. Kd1 g4 42. Ke1 g3 43. Kf1 f3 44. b4 f2 45. bxa5 {Black resigns} 1-0